 Dungeon Crawl Stone Soup version 0.31-a0-702-gf82c85558f (webtiles) character file.

Game seed: 9637217601658492262

10 qw the Shooter (level 2, -3/17 HPs)
             Began as a Gargoyle Hunter on Sept 7, 2023.
             Slain by a gnoll
             ... wielding a +0 flail
              (4 damage)
             ... on level 1 of the Dungeon.
             The game lasted 00:00:07 (460 turns).

qw the Shooter (Gargoyle Hunter)                     Turns: 460, Time: 00:00:07

Health: -3/17      AC:  5    Str: 14    XL:     2   Next: 20%
Magic:  2/2        EV: 11    Int:  9    God:
Gold:   32         SH:  0    Dex: 13    Spells: 1/1 levels left

rFire   . . .        a - +0 shortbow
rCold   . . .        (shield currently unavailable)
rNeg    + . .        c - +0 leather armour
rPois   inf          (no helmet)
rElec   +            (no cloak)
rCorr   .            (no gloves)
SInv    .            (no boots)
Will    .....        (no amulet)
Stlth   +            (no ring)
HPRegen 0.22/turn    (no ring)
MPRegen 0.08/turn

%: no passive effects
@: no status effects
A: sickness immunity, AC +2, negative energy resistance 1, electricity
resistance, torment resistance 1, petrification resistance
a: no special abilities


You were on level 1 of the Dungeon.
You visited 1 branch of the dungeon, and saw 1 of its levels.

You collected 32 gold pieces.


Innate Abilities, Weirdness & Mutations

You are immune to sickness and miasma.
Your stone body is resilient. (AC +2)
You are immune to poison.
You resist negative energy. (rN+)
You are resistant to electric shocks. (rElec)
You are resistant to unholy torment.
You are immune to petrification.


   Skills:
 - Level 2.1 Fighting
 + Level 4.5 Ranged Weapons
 - Level 1.5 Dodging
 - Level 1.1 Stealth


You had one spell level left.
You didn't know any spells.
Your spell library was empty.

Inventory:

Hand Weapons
 a - a +0 shortbow (weapon)
Armour
 c - a +0 leather armour (worn)
 d - a +0 ring mail
Scrolls
 b - a scroll of butterflies
 e - a scroll of silence {unknown}
 i - 3 scrolls of brand weapon {unknown}
Potions
 f - a potion of degeneration {unknown}
 g - a potion of lignification {unknown}
 h - a potion of attraction {unknown}
 j - a potion of mutation {unknown}

Dungeon Overview and Level Annotations

Branches:
Dungeon (1/15)

Altars:


Message History

The dart slug launches a dart at you.
The slug dart hits you but does no damage.
You shoot an arrow.
The arrow hits the dart slug but does no damage.
The dart slug is almost dead.
You shoot an arrow. The arrow hits the dart slug.
You kill the dart slug!
The bat hits you.
You have reached level 2!
You shoot an arrow.
The arrow hits the bat but does no damage.
The bat hits you but does no damage.
You shoot an arrow. The arrow closely misses the bat.
The bat hits you but does no damage. x2
You shoot an arrow. The arrow hits the bat!
You kill the bat!
You start resting.
HP restored.
You open the door.
Found a stone staircase leading down.
A goblin comes into view. It is wielding a +0 dagger.
There is an open door here.
You shoot an arrow. The arrow hits the goblin.
You kill the goblin!
A gnoll comes into view. It is wielding a +0 flail.
The gnoll moves out of view.
You shoot an arrow. The arrow hits the gnoll.
The gnoll is heavily wounded.
The gnoll hits you with a +0 flail. x2
You shoot an arrow. The arrow closely misses the gnoll.
The gnoll hits you but does no damage.
You shoot an arrow. The arrow hits the gnoll.
The gnoll is severely wounded.
The gnoll hits you with a +0 flail!
You shoot an arrow. The arrow closely misses the gnoll.
The gnoll hits you with a +0 flail.
You shoot an arrow. The arrow hits the gnoll.
The gnoll is almost dead.
The gnoll closely misses you. The gnoll hits you with a +0 flail.
You die...

#.# #.#####+###+##.#
#......)..#.##.#
##.........#.#..#
...........#.#.##
...........#...########
##.......>.'...........
...........############
...#@.......... #
#g########## ....
#..#... #..#...# #.
#...# #. #...# # #...#


You could see a gnoll.

Vanquished Creatures
  A dart slug (D:1)
  2 endoplasms (D:1)
  A goblin (D:1)
  2 ball pythons (D:1)
  A bat (D:1)
  A frilled lizard (D:1)
  A kobold (D:1)
9 creatures vanquished.

Notes
Turn   | Place    | Note
-------+----------+-------------------------------------------
     0 | D:1      | qw the Gargoyle Hunter began the quest for the Orb.
     0 | D:1      | Reached XP level 1. HP: 12/12 MP: 1/1
     0 | D:1      | 0 ||| qw: Version: 0.3-a-76-g4403597
     0 | D:1      | 0 ||| qw: Game counter: 746
     0 | D:1      | 0 ||| qw: Melee chars always use a shield: true
     0 | D:1      | 0 ||| qw: God list: Okawaru
     0 | D:1      | 0 ||| qw: Allow faded altars: false
     0 | D:1      | 0 ||| qw: Do Orc after clearing Dungeon:15 true
     0 | D:1      | 0 ||| qw: Do second Lair branch before Depths: true
     0 | D:1      | 0 ||| qw: Lair rune preference: random
     0 | D:1      | 0 ||| qw: Goals: Normal
     0 | D:1      | 0 ||| PLANNING D:1-11
   427 | D:1      | Reached XP level 2. HP: 13/17 MP: 2/2
   458 | D:1      | HP: 3/17 [gnoll/+0 flail (8)]
   459 | D:1      | HP: 1/17 [gnoll/+0 flail (2)]
   460 | D:1      | Slain by a gnoll

Levels and vault maps discovered:
D:1:      psy_arrival_wood_between_worlds, layout_basic

Action                     || total
---------------------------++-------
   Fire: Shortbow          ||    26
 Armour: Leather armour    ||    13
  Dodge: Dodged            ||     1

Table legend:
 A = Non-vault XP
 B = Vault XP
 C = Vault XP percentage of total XP
 D = Non-vault monster count
 E = Vault monster count
 F = Vault count percentage of total count
                 A         B        C        D         E       F
            +---------+---------+-------+---------+---------+-------
      Total |      15 |       0 |   0.0 |       9 |       0 |   0.0
            +---------+---------+-------+---------+---------+-------
        D:1 |      15 |       0 |   0.0 |       9 |       0 |   0.0
            +---------+---------+-------+---------+---------+-------
